 Dungeon Crawl Stone Soup version 0.19.4-12-gccf7e64 (webtiles) character file.

37 vatarom the Conjurer (level 3, -1/26 HPs)
             Began as a Draconian Wizard on Feb 27, 2017.
             Slain by Crazy Yiuf
             ... wielding a +2 quarterstaff of chaos
              (4 damage)
             ... on level 2 of the Dungeon.
             The game lasted 00:04:37 (1494 turns).

vatarom the Conjurer (Draconian Wizard)             Turns: 1494, Time: 00:04:38

Health: -1/26      AC:  5    Str:  9    XL:     3   Next: 23%
Magic:  0/7        EV: 21    Int: 19    God:
Gold:   47         SH:  0    Dex: 14    Spells: 4 memorised, 0 levels left

rFire  . . .     SeeInvis .     e - +0 dagger
rCold  . . .     Gourm    .     (armour unavailable)
rNeg   . . .     Faith    .     (no shield)
rPois  .         Spirit   .     a - +0 hat
rElec  .         Reflect  .     (no cloak)
rCorr  .         Harm     .     (no gloves)
MR     .....                    (no boots)
Stlth  +++.......               (no amulet)
                                (no ring)
                                i - +4 ring of evasion

@: agile, lethally poisoned (-1 -> -3), repel missiles
A: unfitting armour, cold-blooded, AC +5
a: no special abilities


You were on level 2 of the Dungeon.
You were very full.

You visited 1 branch of the dungeon, and saw 2 of its levels.

You collected 47 gold pieces.

Inventory:

Hand Weapons
 e - a +0 dagger (weapon)
Armour
 a - a +0 hat (worn)
Jewellery
 i - a +4 ring of evasion (left hand)
Scrolls
 d - 2 scrolls of remove curse
 f - a scroll of blinking {unknown}
 j - 3 scrolls of teleportation
 l - 2 scrolls of identify
 m - a scroll of magic mapping
Books
 b - a book of Minor Magic

   Spells                             Type                      Level
   a - Magic Dart                     Conjuration                  1
   b - Blink                          Translocation                2
   c - Call Imp                       Summoning                    2
   d - Repel Missiles                 Charms/Air                   2
   e - Slow                           Hexes                        2
   f - Conjure Flame                  Conjuration/Fire             3
   g - Mephitic Cloud                 Conjuration/Poison/Air       3
Comestibles
 c - 3 bread rations
 g - 2 beef jerkies
 h - 3 meat rations


   Skills:
 - Level 1.7 Dodging
 - Level 1.7 Stealth
 - Level 3.0 Spellcasting
 + Level 3.2 Conjurations
 - Level 1.0 Summonings
   Level 1.0 Translocations


You couldn't memorise any spells.
You knew the following spells:

 Your Spells              Type           Power        Failure   Level  Hunger
a - Magic Dart            Conj           ###.         6%          1    None
b - Call Imp              Summ           #.......     17%         2    ##.....
c - Repel Missiles        Chrm/Air       #.....       24%         2    ##.....
d - Mephitic Cloud        Conj/Pois/Air  #.......     34%         3    ###....


Dungeon Overview and Level Annotations

Branches:
Dungeon (2/15)

Altars:

Annotations:
D:2 Crazy Yiuf


Innate Abilities, Weirdness & Mutations

Your plain brown scales are hard. (AC +5)
You cannot fit into any form of body armour.
You are cold-blooded and may be slowed by cold attacks.


Message History

Casting: Call Imp
Confirm with . or Enter, or press ? or * to list all spells.
You don't have enough magic to cast that spell.
Crazy Yiuf laughs.
Your crimson imp barely misses Crazy Yiuf.
Your crimson imp blinks!
Casting: Call Imp
Confirm with . or Enter, or press ? or * to list all spells.
Aiming: Magic Dart
Press: ? - help, Shift-Dir - straight line, f/p - Crazy Yiuf
Aim: Crazy Yiuf, wielding a quarterstaff of chaos and wearing an embroidered cloak (severely wounded, confused)
The magic dart hits Crazy Yiuf.
Crazy Yiuf is severely wounded.
You feel sick.
Crazy Yiuf seems less confused.
Crazy Yiuf says, "Earwax!"
You hit Crazy Yiuf but do no damage.
Crazy Yiuf is severely wounded.
Crazy Yiuf hits you with a quarterstaff of chaos.
You die...

...# #.#.#... ..## #.#...#
...# #.##..# #. ..## #.##<.#
#.# ### #.##..# #.# # #.##).#
#.# # #.##..# #.# # #.##).#
###.## # #...g@###### #...#. #
###......(.# ##.##(.. #
#....#####.####>###.#. #
#.#.## #..........#. # #.#.#
######.#...#. #
#########.#.############...#..
####....................#
##...#.
.....######....#.######.#
#..##. ..........)....#.## #.#
#..# .


You could see Crazy Yiuf.

Vanquished Creatures
  A bat (D:1)
  3 giant cockroaches
  2 goblins (D:1)
  8 hobgoblins
  5 kobolds
  A ball python (D:1)
  4 frilled lizards (D:1)
  5 rats
29 creatures vanquished.

Vanquished Creatures (collateral kills)
  2 worms (D:2)
  A goblin (D:2)
  A hobgoblin (D:1)
  2 bats
  A rat (D:2)
7 creatures vanquished.

Grand Total: 36 creatures vanquished

Notes
Turn   | Place    | Note
-------+----------+-------------------------------------------
     0 | D:1      | vatarom the Draconian Wizard began the quest for the Orb.
     0 | D:1      | Reached XP level 1. HP: 14/14 MP: 4/4
     6 | D:1      | Noticed a rime drake
     6 | D:1      | Noticed a komodo dragon
     6 | D:1      | Noticed a polar bear
     7 | D:1      | Noticed a killer bee
   136 | D:1      | Reached XP level 2. HP: 17/20 MP: 0/6
   181 | D:1      | Learned a level 2 spell: Call Imp
   329 | D:1      | Learned a level 2 spell: Repel Missiles
   868 | D:2      | Reached XP level 3. HP: 26/26 MP: 3/7
   908 | D:2      | Learned a level 3 spell: Mephitic Cloud
  1216 | D:2      | Found a runed door.
  1358 | D:2      | Noticed Crazy Yiuf
  1494 | D:2      | Slain by Crazy Yiuf

Skill      XL: |  1  2 |
---------------+-------+-----
Conjurations   | 2 3 |  3.2
Dodging        | |  1.7
Stealth        | |  1.7
Spellcasting   | |  3.0
Summonings     | |  1.0
Translocations | |  1.0

Action                   || total
-------------------------++-------
Melee: Dagger            ||    91
       Unarmed           ||     7
       Tailslap          ||     8
 Cast: Magic Dart        ||    23
       Call Imp          ||    15
       Repel Missiles    ||     1
       Mephitic Cloud    ||     3
  Use: Scroll            ||     4
       Potion            ||     6
 Stab: Sleeping          ||     5
       Confused          ||     2
  Eat: Bread ration      ||     2
       Chunk             ||     2
Armor: Skin              ||    22
Dodge: Dodged            ||    73
